[Event "Team 45 45 League T76"]
[Site "Internet Chess Club"]
[Date "2018.04.08"]
[Round "3"]
[White "AVEMARIA"]
[Black "anishio"]
[Result "1-0"]
[WhiteElo "1602"]
[BlackElo "1577"]
[Opening "Ruy Lopez: Anderssen variation"]
[ECO "C77"]
[Time "18:00:43"]
[TimeControl "2700+45"]

1. e4 e5 2. Nf3 Nc6 3. Bb5 a6 4. Ba4 Nf6 5. d3 b5 6. Bb3 Bc5 7. c3 d6 8. O-O O-O
9. Re1 Bf5 10. exf5 Qd7 11. Nbd2 Qxf5 12. Ne4 Rac8 {Black resigns} 1-0

[Event "Team 45 45 League T76"]
[Site "Internet Chess Club"]
[Date "2018.04.05"]
[Round "3"]
[White "pokerram"]
[Black "tightfist"]
[Result "1-0"]
[WhiteElo "1561"]
[BlackElo "1407"]
[Opening "Queen's pawn game"]
[ECO "A50"]
[Time "20:01:15"]
[TimeControl "2700+45"]

1. d4 Nf6 2. c4 c6 3. Nf3 d6 4. Nc3 Bf5 5. Qb3 Qb6 6. Bg5 Nbd7 7. e3 h6 8. Bh4
e6 9. Be2 Be7 10. Bg3 O-O 11. Nd2 Rfe8 12. O-O Bf8 13. Qxb6 axb6 14. e4 Bg6 15.
e5 dxe5 16. dxe5 Nh5 17. Bxh5 Bxh5 18. Nde4 Nc5 19. f3 Red8 20. Nxc5 Bxc5+ 21.
Bf2 Bxf2+ 22. Rxf2 Bg6 23. b3 Rd3 24. Na4 Ra6 25. Re2 Ra5 26. Kf2 c5 27. Rc1 Ra6
28. Nc3 Kf8 29. Nb5 Ke7 30. Nd6 f6 31. f4 Bh5 32. Rb2 fxe5 33. fxe5 Be8 34. Nxb7
Bc6 35. Nd6 Ra8 36. Ke2 Rd4 37. Rf1 Be8 38. Ke3 Bg6 39. Rd2 Rxd2 40. Kxd2 Rxa2+
41. Ke3 Rxg2 42. Nc8+ Ke8 43. Nxb6 Rxh2 44. Na4 Rh3+ 45. Rf3 Rh5 46. Nxc5 Rxe5+
47. Kd4 Re1 48. Rg3 Rd1+ 49. Ke5 Re1+ 50. Kd6 Rd1+ 51. Kc7 Kf7 52. Nxe6 Kxe6 53.
Rxg6+ Kf7 54. Rd6 Rc1 55. Kb6 Rb1 56. Rd3 h5 57. c5 h4 58. c6 g5 59. Rc3 Re1 60.
c7 Re6+ 61. Kb7 Re7 62. Kb8 Re8+ 63. c8=Q Rxc8+ 64. Kxc8 Kg6 65. b4 g4 66. b5 h3
67. Rc6+ Kg5 68. b6 h2 69. Rc1 g3 70. b7 g2 71. b8=Q g1=Q 72. Qe5+ Kh4 73. Rc4+
Kh3 74. Qh5+ Kg2 75. Qg4+ Kh1 76. Qf3+ Qg2 77. Rc1# {Black checkmated} 1-0

[Event "Team 45 45 League T76"]
[Site "Internet Chess Club"]
[Date "2018.04.05"]
[Round "3"]
[White "justice02"]
[Black "PatrickFish"]
[Result "1-0"]
[WhiteElo "1721"]
[BlackElo "1542"]
[Opening "Sicilian defense"]
[ECO "B30"]
[Time "21:00:27"]
[TimeControl "2700+45"]

1. e4 c5 2. Nf3 Nc6 3. c3 e5 4. d3 d6 5. Be2 Nf6 6. O-O Be7 7. a4 O-O 8. Nbd2 a6
9. Nc4 Rb8 10. Ne3 Be6 11. Ng5 d5 12. Nxe6 fxe6 13. exd5 exd5 14. Nf5 Re8 15.
Nxe7+ Rxe7 16. Bg5 Qd6 17. Bf3 h6 18. Bxf6 gxf6 19. Re1 Kh7 20. Bg4 Rg7 21. Bf5+
Kg8 22. g3 Rg5 23. Bh3 Kh7 24. Bg2 Rbg8 25. Qb3 d4 26. Qxb7+ Ne7 27. c4 Rb8 28.
Qe4+ Kh8 29. f4 Rf5 30. Bh3 Rh5 31. Bg4 f5 32. Qxe5+ Qxe5 33. Rxe5 fxg4 34. Rxh5
Kg7 35. Rxc5 Rxb2 36. Rc7 Kf6 37. Re1 Nf5 38. Rc6+ Kf7 39. Rxa6 h5 40. Ree6 Ne3
41. Reb6 Rc2 42. Ra7+ Ke8 43. Rb8# {Black checkmated} 1-0

[Event "Team 45 45 League T76"]
[Site "Internet Chess Club"]
[Date "2018.04.04"]
[Round "3"]
[White "kwen2008"]
[Black "Grenadier"]
[Result "1-0"]
[WhiteElo "1514"]
[BlackElo "1572"]
[Opening "Caro-Kann: advance variation"]
[ECO "B12"]
[Time "19:01:37"]
[TimeControl "2700+45"]

1. e4 c6 2. d4 d5 3. e5 Bf5 4. Nf3 e6 5. Be2 c5 6. O-O Nc6 7. Nc3 a6 8. Be3 c4
9. Bg5 Be7 10. Bxe7 Ngxe7 11. a3 Qb6 12. Na4 Qc7 13. Qd2 Qa5 14. Nc3 Bg4 15.
Rad1 Nf5 16. Qf4 Bxf3 17. Bxf3 Qd8 18. Bg4 g6 19. Bxf5 gxf5 20. Qh6 Qe7 21. Qg7
O-O-O 22. Na4 Rdg8 23. Qh6 Qg5 24. Qh3 h5 25. Nc5 Qg4 26. Qxg4 Rxg4 27. c3 Rhg8
28. g3 h4 29. Kg2 f4 30. h3 R4g7 31. g4 Ne7 32. Rb1 b6 33. Nxa6 Kb7 34. Nb4 Ra8
35. Ra1 Ra4 36. Rfb1 Rg8 37. Nc2 Rga8 38. b3 R4a6 39. bxc4 dxc4 40. Rb4 Ra4 41.
Rab1 Nd5 42. Rb5 R8a6 43. Nb4 Nxb4 44. R5xb4 Rxb4 45. Rxb4 Rxa3 46. Rxc4 b5 47.
Rc5 Kb6 48. Kf3 b4 49. Kxf4 Rxc3 50. Rxc3 bxc3 51. Ke3 c2 52. Kd2 Kc6 53. Kxc2
Kd5 54. Kd3 Kc6 55. Kc4 Kb6 56. d5 exd5+ 57. Kxd5 Kc7 58. e6 f6 59. e7 Kd7 60.
e8=Q+ Kxe8 61. Ke6 Kf8 62. Kxf6 Kg8 63. g5 Kh7 64. g6+ Kg8 65. g7 Kh7 66. Kf7
{Black resigns} 1-0

[Event "Team 45 45 League T76"]
[Site "Internet Chess Club"]
[Date "2018.04.06"]
[Round "3"]
[White "GoIrish"]
[Black "skywise"]
[Result "1-0"]
[WhiteElo "1498"]
[BlackElo "1562"]
[Opening "Ruy Lopez: Anderssen variation"]
[ECO "C77"]
[Time "16:33:59"]
[TimeControl "2700+45"]

1. e4 e5 2. Nf3 Nc6 3. Bb5 a6 4. Ba4 Nf6 5. d3 b5 6. Bb3 Bc5 7. O-O d6 8. Bg5
Bg4 9. Nbd2 Nd4 10. c3 Nxf3+ 11. Nxf3 O-O 12. Qe2 h6 13. Be3 Bxe3 14. Qxe3 Qd7
15. Rad1 Rfd8 16. d4 exd4 17. cxd4 Qc6 18. Rc1 Qxe4 19. Qxe4 Nxe4 20. Bd5 Bxf3
21. gxf3 Nd2 22. Rfd1 Nc4 23. Bxa8 Rxa8 24. b3 Nb6 25. Rxc7 d5 26. Rdc1 Rd8 27.
R1c6 Nd7 28. Rd6 Re8 29. Rdxd7 Re2 30. Rxf7 Rxa2 31. Rxg7+ Kf8 32. Rgd7 Ke8 33.
Rh7 Kd8 34. Ra7 Rc2 35. Rh8# {Black checkmated} 1-0

[Event "Team 45 45 League T76"]
[Site "Internet Chess Club"]
[Date "2018.04.05"]
[Round "3"]
[White "dinosaurchess"]
[Black "bmw2002"]
[Result "0-1"]
[WhiteElo "1316"]
[BlackElo "1448"]
[Opening "Caro-Kann: advance variation"]
[ECO "B12"]
[Time "20:05:20"]
[TimeControl "2700+45"]

1. e4 c6 2. d4 d5 3. e5 Bf5 4. Nc3 Nh6 5. h3 Na6 6. a3 Rc8 7. Nf3 c5 8. dxc5
Rxc5 9. Be3 Rc8 10. Bxa7 Nc7 11. Bb6 Qd7 12. Nd4 g6 13. Nxf5 Qxf5 14. Bd4 Bg7
15. Bd3 Qf4 16. Ne2 Qg5 17. O-O Nf5 18. Bxf5 Qxf5 19. Nc3 O-O 20. Re1 Rfd8 21.
Qd3 Qg5 22. Qe3 Qf5 23. Qd3 Qg5 24. Qe3 Qf5 25. Re2 Ne6 26. Bb6 Rd7 27. Qf3 Qg5
28. Nxd5 Bxe5 29. Nc3 Bxc3 30. bxc3 Nf4 31. Ree1 Rxc3 32. Qxc3 Qxg2# {White
checkmated} 0-1

[Event "Team 45 45 League T76"]
[Site "Internet Chess Club"]
[Date "2018.04.08"]
[Round "3"]
[White "krysto"]
[Black "misuc56"]
[Result "1-0"]
[WhiteElo "1564"]
[BlackElo "1486"]
[Opening "QGD: 3.Nc3"]
[ECO "D31"]
[Time "12:02:16"]
[TimeControl "2700+45"]

1. d4 d5 2. c4 e6 3. Nc3 f5 4. Nf3 c6 5. Bg5 Nf6 6. e3 Bd6 7. Bd3 O-O 8. Ne5 Qe8
9. f4 Ne4 10. Bxe4 fxe4 11. O-O Nd7 12. c5 Bc7 13. b4 a6 14. a4 Nf6 15. Qe2 Bd7
16. b5 axb5 17. Nxd7 Qxd7 18. axb5 Rxa1 19. Rxa1 h6 20. Bh4 Nh7 21. b6 Bd8 22.
Bg3 g5 23. Qh5 Qg7 24. Qg4 Qf7 25. Qe2 Nf6 26. fxg5 hxg5 27. Rf1 Qg6 28. Nd1 Be7
29. Nf2 Ra8 30. Ng4 Nxg4 31. Qxg4 Ra3 32. Bf4 Kh7 33. Qh3+ Kg8 34. Be5 Qh7 35.
Qxe6+ {Black resigns} 1-0

[Event "Team 45 45 League T76"]
[Site "Internet Chess Club"]
[Date "2018.04.09"]
[Round "3"]
[White "mambo99"]
[Black "scostanzo212"]
[Result "0-1"]
[WhiteElo "1446"]
[BlackElo "1506"]
[Opening "Sicilian: closed"]
[ECO "B24"]
[Time "16:16:07"]
[TimeControl "2700+45"]

1. e4 c5 2. Nc3 Nc6 3. g3 e6 4. Bg2 Nf6 5. f4 d6 6. Nf3 Qc7 7. O-O a6 8. d3 Rb8
9. h3 b5 10. Be3 Be7 11. d4 cxd4 12. Nxd4 Nxd4 13. Bxd4 e5 14. fxe5 dxe5 15. Be3
O-O 16. g4 Bc5 17. Bxc5 Qxc5+ 18. Kh2 h6 19. Qd2 Be6 20. Rad1 Rb7 21. Qf2 Qc4
22. Rfe1 Rbb8 23. Bf1 Qc7 24. a3 Rbd8 25. Qf3 Rd4 26. Rxd4 exd4+ 27. Kg2 dxc3
28. bxc3 Rd8 29. Qe3 Rd6 30. e5 Nd5 31. Qf3 Rc6 32. c4 bxc4 33. Qe4 c3 34. Bd3
g6 35. h4 Ne7 36. h5 Bd5 37. Qxd5 Nxd5 38. hxg6 Nf4+ 39. Kg3 Nxd3 40. gxf7+ Qxf7
41. cxd3 c2 42. Rc1 Qb3 43. Kf4 Qxd3 {White resigns} 0-1

[Event "Team 45 45 League T76"]
[Site "Internet Chess Club"]
[Date "2018.04.05"]
[Round "3"]
[White "ryanfu2008"]
[Black "mongmong"]
[Result "0-1"]
[WhiteElo "1407"]
[BlackElo "1509"]
[Opening "French: Tarrasch"]
[ECO "C03"]
[Time "21:02:45"]
[TimeControl "2700+45"]

1. e4 e6 2. d4 d5 3. Nd2 h6 4. Ngf3 Nf6 5. e5 Nfd7 6. Bd3 c5 7. c3 Nc6 8. dxc5
Ncxe5 9. Nxe5 Nxe5 10. Bb5+ Bd7 11. Bxd7+ Nxd7 12. b4 Be7 13. Nb3 O-O 14. O-O
Rc8 15. Qg4 Bg5 16. Bxg5 Qxg5 17. Qxg5 hxg5 18. Rac1 b6 19. cxb6 Nxb6 20. Nc5
Rfd8 21. Rfd1 Nd7 22. Nxd7 Rxd7 23. c4 d4 24. c5 e5 25. Rc4 Rb7 26. a3 a5 27. g3
axb4 28. axb4 Rb5 29. f4 gxf4 30. gxf4 f6 31. fxe5 fxe5 32. Kf1 Kf7 33. Ke2 Ke6
34. Kd3 Kd5 35. Re1 Re8 36. Rxd4+ exd4 37. Rxe8 Rxb4 38. Rd8+ Kxc5 39. Rc8+ Kd5
40. Rd8+ Ke5 41. Re8+ Kf6 42. Rd8 Rb2 43. Rxd4 Rxh2 44. Rf4+ Kg5 45. Rf7 g6 46.
Ke4 Re2+ 47. Kf3 Re1 48. Kf2 Re5 49. Rf3 Rf5 50. Rxf5+ Kxf5 51. Kf3 Kg5 52. Kg3
Kf5 53. Kf3 Kg5 54. Kg3 Kf5 55. Kf3 g5 56. Kg3 g4 57. Kf2 Kf4 58. Kg2 g3 59. Kf1
Kf3 60. Kg1 g2 {White resigns} 0-1

[Event "Team 45 45 League T76"]
[Site "Internet Chess Club"]
[Date "2018.04.06"]
[Round "3"]
[White "zap2"]
[Black "Ajolote"]
[Result "1/2-1/2"]
[WhiteElo "1658"]
[BlackElo "1825"]
[Opening "Réti: old Indian attack"]
[ECO "A06"]
[Time "11:06:12"]
[TimeControl "2700+45"]

1. Nf3 d5 2. d3 Nf6 3. Nbd2 Bf5 4. g3 g6 5. Bg2 Bg7 6. O-O O-O 7. c3 Nc6 8. Nh4
Be6 9. Qc2 Qd7 10. Re1 Bh3 11. Bh1 e5 12. e4 Rae8 13. Nf1 d4 14. Ng2 Nh5 15. f4
Kh8 16. f5 gxf5 17. exf5 Bxf5 18. Nh4 Bh3 19. Qb3 dxc3 20. Qxb7 cxb2 21. Bxb2
Rb8 22. Qxc6 Qxc6 23. Bxc6 Rxb2 24. Ne3 Rd8 25. Nc4 Rc2 26. Ba4 Rc3 27. Nxe5 Kg8
28. Bb3 Be6 29. Bxe6 fxe6 30. Nhf3 Rcxd3 31. Rac1 Bxe5 32. Nxe5 Rd2 33. Rxc7
Rxa2 34. Nf7 Rdd2 35. Nh6+ Kh8 36. Rb1 Rg2+ 37. Kf1 Raf2+ 38. Ke1 Re2+ 39. Kd1
Rd2+ 40. Kc1 Rg1+ 41. Kxd2 Rxb1 42. Rxa7 Rb2+ 43. Ke3 Rxh2 44. Nf7+ Kg7 45. Ne5+
Kg8 46. Ra8+ Kg7 47. Ra7+ Kg8 48. Ra8+ Kg7 49. Ra7+ {Game drawn by repetition}
1/2-1/2

[Event "Team 45 45 League T76"]
[Site "Internet Chess Club"]
[Date "2018.04.07"]
[Round "3"]
[White "Insan996"]
[Black "elessar"]
[Result "1/2-1/2"]
[WhiteElo "1692"]
[BlackElo "1592"]
[Opening "Queen's pawn"]
[ECO "A40"]
[Time "10:06:33"]
[TimeControl "2700+45"]

1. d4 e6 2. Nf3 f5 3. e3 Nf6 4. Be2 b6 5. O-O Be7 6. b3 O-O 7. Bb2 Bb7 8. c4 d6
9. Nc3 h6 10. Ne1 Nbd7 11. Bf3 Ne4 12. Nd3 Nxc3 13. Bxc3 Bxf3 14. Qxf3 Nf6 15.
Nf4 Qd7 16. Rfd1 Ne4 17. Bb2 g5 18. Ng6 Rf6 19. Nxe7+ Qxe7 20. d5 e5 21. Qe2 Rg6
22. f3 Nc5 23. Ba3 Nd7 {Game drawn by mutual agreement} 1/2-1/2

[Event "Team 45 45 League T76"]
[Site "Internet Chess Club"]
[Date "2018.04.06"]
[Round "3"]
[White "Constrictor"]
[Black "JPSVI"]
[Result "1-0"]
[WhiteElo "1576"]
[BlackElo "1416"]
[Opening "Nimzovich-Larsen attack"]
[ECO "A01"]
[Time "20:04:13"]
[TimeControl "2700+45"]

1. b3 e6 2. Bb2 f5 3. Nf3 Nf6 4. g3 Be7 5. Bg2 O-O 6. O-O c6 7. c4 b6 8. Nc3 Bb7
9. d3 d5 10. Qc2 Nbd7 11. e4 fxe4 12. dxe4 c5 13. Ng5 d4 14. Nxe6 Qb8 15. Nxf8
Qxf8 16. Nd5 Ng4 17. Qe2 Nge5 18. f4 Nc6 19. Qg4 Nf6 20. Qe6+ Kh8 21. e5 Nxd5
22. cxd5 Nd8 23. Qg4 Qf7 24. d6 Bf8 25. Bxb7 Nxb7 26. e6 Qf6 27. e7 Nxd6 28.
exf8=Q+ Rxf8 29. Rae1 Nf5 30. Qf3 Qg6 31. Bc1 Rd8 32. Re5 d3 33. Qe4 Nxg3 34.
hxg3 Qxg3+ 35. Qg2 Qh4 36. Qg5 Qh3 37. Qxd8# {Black checkmated} 1-0

[Event "Team 45 45 League T76"]
[Site "Internet Chess Club"]
[Date "2018.04.05"]
[Round "3"]
[White "nidusin2"]
[Black "Hal2001"]
[Result "1-0"]
[WhiteElo "1502"]
[BlackElo "1520"]
[Opening "Queen's pawn: London system"]
[ECO "A45"]
[Time "09:07:25"]
[TimeControl "2700+45"]

1. d4 Nf6 2. Bf4 e6 3. e3 c5 4. Nf3 d5 5. c3 Nh5 6. Bg5 Be7 7. h4 f6 8. Nh2 fxg5
9. Qxh5+ g6 10. Qe2 cxd4 11. exd4 Nc6 12. hxg5 Bxg5 13. Nf3 Bf6 14. Nbd2 Qe7 15.
Nb3 b6 16. a4 Bd7 17. a5 O-O 18. Qe3 e5 19. Bb5 e4 20. Bxc6 Bxc6 21. Nh2 Bg5 22.
Qe2 e3 23. fxe3 Qxe3 24. Nf3 Qxe2+ 25. Kxe2 Bb5+ 26. Kd1 Bf4 27. Kc2 Rfe8 28.
axb6 axb6 29. Rxa8 Rxa8 30. Nbd2 Re8 31. Re1 Rxe1 32. Nxe1 Be2 33. Nd3 Bg3 34.
Nb4 Bc7 35. Nxd5 Bd8 36. c4 Bg4 37. Kc3 Bf5 38. b4 Kf7 39. Nf3 Ke8 40. c5 bxc5
41. dxc5 Kd7 42. Kd4 Kc6 43. g4 Bc8 44. Ne5+ Kb5 45. Nf7 Be6 46. Nxd8 Bxd5 47.
Kxd5 Kxb4 48. c6 {Black resigns} 1-0

[Event "Team 45 45 League T76"]
[Site "Internet Chess Club"]
[Date "2018.04.08"]
[Round "3"]
[White "cool64chess"]
[Black "janh"]
[Result "1/2-1/2"]
[WhiteElo "2013"]
[BlackElo "1897"]
[Opening "QGD: Chigorin defense"]
[ECO "D07"]
[Time "21:00:58"]
[TimeControl "2700+45"]

1. d4 d5 2. c4 Nc6 3. Nc3 Nf6 4. Bg5 e6 5. e3 Be7 6. Nf3 O-O 7. Bd3 Nb4 8. Be2
dxc4 9. Bxc4 Nbd5 10. O-O c6 11. Rc1 Re8 12. Bd3 Nxc3 13. bxc3 Nd7 14. Bf4 Bf6
15. e4 e5 16. Bg3 exd4 17. cxd4 Nf8 18. Qb3 Be6 19. Qxb7 Bxd4 20. Ba6 {Game
drawn by mutual agreement} 1/2-1/2

[Event "Team 45 45 League T76"]
[Site "Internet Chess Club"]
[Date "2018.04.04"]
[Round "3"]
[White "ANGELLR"]
[Black "justice02"]
[Result "0-1"]
[WhiteElo "1848"]
[BlackElo "1712"]
[Opening "Queen's pawn, Mason variation"]
[ECO "D00"]
[Time "20:00:07"]
[TimeControl "2700+45"]

1. d4 d5 2. Bf4 c6 3. e3 Nf6 4. Nd2 Nbd7 5. Bd3 g6 6. Ngf3 Bg7 7. h3 O-O 8. c4
a6 9. O-O Re8 10. b4 dxc4 11. Nxc4 Nd5 12. Bh2 Nxb4 13. Be2 Nd5 14. Rc1 b5 15.
Nce5 Nxe5 16. Nxe5 Bxe5 17. Bxe5 Qa5 18. Qb3 Bd7 19. Bf3 Rac8 20. a3 Nb6 21. Be2
Be6 22. Qc2 Bc4 23. Rfe1 Bxe2 24. Qxe2 Nc4 25. Bf4 Nxa3 26. Qg4 Nc4 27. h4 h5
28. Qg5 Qd8 29. Rxc4 bxc4 30. Qh6 e5 31. Bg5 Qd6 32. dxe5 Qxe5 33. Bf4 Qf6 34.
Bg3 c3 35. e4 Qd4 36. Bf4 Rxe4 37. Rxe4 Qxe4 38. g4 hxg4 39. h5 Rd8 40. Kh2 Rd1
41. Kg3 Rg1+ 42. Kh4 Rh1+ 43. Kxg4 Rxh5 {White resigns} 0-1

[Event "Team 45 45 League T76"]
[Site "Internet Chess Club"]
[Date "2018.04.08"]
[Round "3"]
[White "HomerSimpson"]
[Black "searchforbobby1"]
[Result "0-1"]
[WhiteElo "2006"]
[BlackElo "2042"]
[Opening "Queen's pawn: London system"]
[ECO "A45"]
[Time "21:04:09"]
[TimeControl "2700+45"]

1. d4 Nf6 2. Bf4 g6 3. Nc3 d5 4. Qd2 a6 5. a4 Bg7 6. e3 O-O 7. Be2 b6 8. h4 c5
9. h5 Nc6 10. hxg6 hxg6 11. O-O-O Bf5 12. dxc5 bxc5 13. Nxd5 Nxd5 14. Qxd5 Qb6
15. Qb3 Qa7 16. Bf3 Na5 17. Qa2 Rad8 18. Ne2 Qb6 19. Nc3 Nc6 20. a5 Qb7 21. Qa4
Rc8 22. Bh6 Rb8 23. Bxg7 Qxb2+ 24. Kd2 Kxg7 25. Bxc6 Rfd8+ 26. Bd5 Rb4 27. Qa2
Qxa2 28. Nxa2 Rxd5+ 29. Kc3 Rxd1 30. Rxd1 Ra4 31. Nc1 Be6 32. Nb3 Bxb3 33. Kxb3
Rxa5 34. Rd7 Kf6 35. Rc7 Ke6 36. c4 Kd6 37. Ra7 Ra1 38. Kb2 Ra5 39. f4 f6 40. g4
Ra4 41. Kb3 Ra1 42. Kb2 Ra5 43. Kb3 Ke6 44. e4 g5 45. f5+ Kd6 46. Kb2 Ra4 47.
Kb3 Ra1 48. Kb2 Rg1 49. Rxa6+ Kd7 50. e5 fxe5 51. Ra7+ Kd8 52. Ra8+ Kd7 53. Ra7+
Ke8 54. Rc7 Rxg4 55. Rxc5 Re4 56. Kc3 Kf7 57. Rc8 g4 58. c5 g3 59. Ra8 Rg4 60.
Ra1 Kf6 61. c6 Rg8 62. Rg1 Kxf5 63. Kc4 Kf4 64. Kd5 g2 65. c7 Kf3 66. Rc1 Rc8
67. Kc6 Kf2 68. Rc2+ Kg3 69. Rc3+ Kh2 70. Rc2 Kh1 71. Rc4 g1=Q 72. Rh4+ Kg2 73.
Rg4+ Kf2 74. Rxg1 Kxg1 75. Kd7 Rxc7+ 76. Kxc7 e4 {White resigns} 0-1

[Event "Team 45 45 League T76"]
[Site "Internet Chess Club"]
[Date "2018.04.07"]
[Round "3"]
[White "SlimeDog2"]
[Black "The7thGuest"]
[Result "1/2-1/2"]
[WhiteElo "2006"]
[BlackElo "1857"]
[Opening "QGD: exchange, positional line"]
[ECO "D35"]
[Time "14:25:08"]
[TimeControl "2700+45"]

1. d4 d5 2. c4 e6 3. Nc3 Nf6 4. cxd5 exd5 5. Bg5 Be7 6. e3 h6 7. Bh4 O-O 8. Bd3
b6 9. Nge2 Ba6 10. Bxa6 Nxa6 11. O-O c6 12. Rc1 Qd7 13. Qa4 Qb7 14. f3 b5 15.
Qc2 Rfe8 16. e4 Nxe4 17. Nxe4 dxe4 18. Bxe7 Qxe7 19. Qxc6 exf3 20. Nc3 Qe3+ 21.
Kh1 f2 22. Nd5 Qxd4 23. Qxa6 Qxd5 24. Rxf2 Qe6 25. Qxb5 Qxa2 26. Rcf1 Rf8 27. b3
Qa3 28. Qc4 Rac8 29. Qd5 Qe7 30. h3 {Game drawn by mutual agreement} 1/2-1/2

[Event "Team 45 45 League T76"]
[Site "Internet Chess Club"]
[Date "2018.04.08"]
[Round "3"]
[White "fishhead"]
[Black "SlimeDog2"]
[Result "0-1"]
[WhiteElo "1590"]
[BlackElo "2009"]
[Opening "Ruy Lopez: Berlin defense, open variation"]
[ECO "C67"]
[Time "16:00:41"]
[TimeControl "2700+45"]

1. e4 e5 2. Nf3 Nc6 3. Bb5 Nf6 4. O-O Nxe4 5. d4 Nd6 6. Bxc6 dxc6 7. dxe5 Nf5 8.
Qxd8+ Kxd8 9. b3 Bd7 10. c4 h6 11. Bb2 Kc8 12. Nbd2 b6 13. Ne4 c5 14. Rad1 Bc6
15. Rfe1 Kb7 16. g4 Ne7 17. Nh4 Rg8 18. Nf5 Ng6 19. h4 Re8 20. Neg3 Nf4 21. Kh2
Bf3 22. Rd7 Bxg4 23. Re4 g5 24. Rxf7 Bxf5 25. Rxf5 Be7 26. Bc3 Ref8 27. e6 Nd3
28. Re2 gxh4 {White resigns} 0-1

[Event "Team 45 45 League T76"]
[Site "Internet Chess Club"]
[Date "2018.04.07"]
[Round "3"]
[White "backrankbrawler"]
[Black "room-matt"]
[Result "0-1"]
[WhiteElo "1718"]
[BlackElo "1801"]
[Opening "Colle system"]
[ECO "D05"]
[Time "06:02:05"]
[TimeControl "2700+45"]

1. d4 d5 2. Nf3 Nf6 3. e3 e6 4. Bd3 c5 5. c3 Nc6 6. O-O Bd6 7. Nbd2 O-O 8. dxc5
Bxc5 9. e4 Qc7 10. Qe2 h6 11. Bc2 Rd8 12. Kh1 dxe4 13. Nxe4 Be7 14. Nxf6+ Bxf6
15. Qe4 Kf8 16. Be3 Bd7 17. Rad1 Ne7 18. Nd4 Ng6 19. f4 Nh4 20. Bf2 Nf5 21. Nxf5
exf5 22. Qd5 b6 23. Bxf5 Ba4 24. Qf3 Bxd1 25. Rxd1 Rxd1+ 26. Qxd1 Qxf4 27. Qc2
Rd8 28. Kg1 Rd2 {White resigns} 0-1

[Event "Team 45 45 League T76"]
[Site "Internet Chess Club"]
[Date "2018.04.07"]
[Round "3"]
[White "LinceHispano44"]
[Black "swagnik"]
[Result "1-0"]
[WhiteElo "1669"]
[BlackElo "1617"]
[Opening "Bogo-Indian defense"]
[ECO "E11"]
[Time "10:30:21"]
[TimeControl "2700+45"]

1. Nf3 e6 2. d4 Nf6 3. c4 Bb4+ 4. Bd2 Be7 5. Nc3 O-O 6. Qc2 d5 7. cxd5 exd5 8.
Bg5 Be6 9. e3 h6 10. Bh4 Nfd7 11. Bxe7 Qxe7 12. Bd3 a6 13. O-O c5 14. Rfe1 Nc6
15. Bh7+ Kh8 16. e4 Nxd4 17. Nxd4 cxd4 18. exd5 dxc3 19. dxe6 cxb2 20. Rab1 Rac8
21. exd7 Rxc2 22. Rxe7 Rc1+ 23. Re1 Rxe1+ 24. Rxe1 Kxh7 25. Rb1 Rd8 26. Rxb2
Rxd7 27. g3 b5 28. Kg2 g5 29. Rb4 Rc7 30. a4 Rc4 31. Rxc4 bxc4 32. Kf3 c3 33.
Ke3 c2 34. Kd2 c1=Q+ 35. Kxc1 Kg6 36. Kd2 Kf6 37. Kc3 Ke6 38. Kb4 Kd6 39. Ka5
Kc7 40. Kxa6 Kc6 41. g4 f6 42. a5 Kc5 43. Kb7 {Black resigns} 1-0

[Event "Team 45 45 League T76"]
[Site "Internet Chess Club"]
[Date "2018.04.08"]
[Round "3"]
[White "justice02"]
[Black "zap2"]
[Result "1-0"]
[WhiteElo "1735"]
[BlackElo "1657"]
[Opening "Pirc defense"]
[ECO "B07"]
[Time "09:05:32"]
[TimeControl "2700+45"]

1. e4 d6 2. d4 Nf6 3. f3 Nbd7 4. Bd3 e5 5. c3 Be7 6. Ne2 Nh5 7. O-O Bg5 8. Bxg5
Qxg5 9. Qd2 h6 10. Qxg5 hxg5 11. Nd2 Nf4 12. Bc4 Nb6 13. Nxf4 Nxc4 14. Nxc4 exf4
15. d5 b6 16. Rfe1 f6 17. Na3 Ba6 18. Nc2 Kd7 19. Nd4 Rh7 20. h3 g6 21. Rac1 Rf7
22. c4 Re8 23. b4 f5 24. Ne6 Rxe6 25. dxe6+ Kxe6 26. c5 dxc5 27. bxc5 Bb7 28.
cxb6 cxb6 29. e5 Rd7 30. Rcd1 Bd5 31. Rd2 Rc7 32. Kf2 Rc3 33. Red1 Rc5 34. Re2
Rc3 35. Rdd2 g4 36. fxg4 fxg4 37. hxg4 g5 38. Rd4 Ra3 39. Rdd2 Rc3 40. Rd1 Rc5
41. Rh1 Bc4 42. Rh6+ Kd5 43. Rd6# {Black checkmated} 1-0

[Event "Team 45 45 League T76"]
[Site "Internet Chess Club"]
[Date "2018.04.07"]
[Round "3"]
[White "PolishRyszard"]
[Black "cool64chess"]
[Result "1/2-1/2"]
[WhiteElo "1785"]
[BlackElo "2019"]
[Opening "French: advance, Paulsen attack"]
[ECO "C02"]
[Time "14:00:27"]
[TimeControl "2700+45"]

1. d4 d5 2. e4 e6 3. e5 c5 4. c3 Nc6 5. Nf3 Nge7 6. Na3 Nf5 7. Nc2 Bd7 8. Bd3 c4
9. Bxf5 exf5 10. Bg5 Qc7 11. h4 h6 12. Bf4 Be6 13. Ne3 Be7 14. Qc2 Qd7 15. h5
Bd8 16. Ke2 b5 17. Nh4 Ne7 18. a4 b4 19. cxb4 Nc6 20. Qc3 Bxh4 21. b5 Bg5 22.
bxc6 Qxc6 23. g3 Rb8 24. b4 a6 25. Rhb1 Be7 26. Kf1 g5 27. hxg6 fxg6 28. b5 axb5
29. axb5 Qd7 30. Nc2 g5 31. Bd2 O-O 32. f4 Rxb5 33. Rxb5 Qxb5 34. Ra7 Qe8 35.
Qf3 g4 36. Qh1 h5 37. Ne3 c3 38. Bxc3 h4 39. gxh4 Qb5+ 40. Kf2 Rc8 41. Rxe7 Rxc3
42. Qa1 Qd3 43. Qa8+ Rc8 44. Re8+ Kf7 45. Rxc8 Qd2+ 46. Kf1 Qd3+ 47. Kf2 Qd2+
48. Kf1 Qd3+ {Game drawn by mutual agreement} 1/2-1/2

[Event "Team 45 45 League T76"]
[Site "Internet Chess Club"]
[Date "2018.04.08"]
[Round "3"]
[White "A4-H5"]
[Black "cadmiumorange"]
[Result "1/2-1/2"]
[WhiteElo "1746"]
[BlackElo "1802"]
[Opening "QGD: Chigorin defense"]
[ECO "D07"]
[Time "14:09:21"]
[TimeControl "2700+45"]

1. c4 Nc6 2. d4 d5 3. e3 e5 4. cxd5 Qxd5 5. Nc3 Bb4 6. Qa4 exd4 7. Qxb4 dxc3 8.
Qxc3 Nf6 9. Qd3 Be6 10. Qxd5 Bxd5 11. Nf3 Nb4 12. Bb5+ c6 13. Ba4 b5 14. Bd1
Nxa2 15. Bd2 Ne4 16. Ba5 c5 17. O-O O-O 18. Bc2 Nb4 19. Bxb4 cxb4 20. Rfd1 Nf6
21. Nd4 a6 22. Nf5 Be6 23. Ne7+ Kh8 24. Rd6 Rfe8 25. Nc6 Bd5 26. Nxb4 Bb7 {Game
drawn by mutual agreement} 1/2-1/2

[Event "Team 45 45 League T76"]
[Site "Internet Chess Club"]
[Date "2018.04.07"]
[Round "3"]
[White "markcouch0451"]
[Black "kllrchris"]
[Result "0-1"]
[WhiteElo "1659"]
[BlackElo "1694"]
[Opening "KGA: bishop's gambit, Borén-Svenonius variation"]
[ECO "C33"]
[Time "14:22:53"]
[TimeControl "2700+45"]

1. e4 e5 2. f4 exf4 3. Bc4 Qh4+ 4. Kf1 d5 5. Bxd5 Bd6 6. d4 c6 7. Bb3 Qe7 8. e5
Bc7 9. Bxf4 Qh4 10. Qd2 Ne7 11. Nf3 Qg4 12. Kf2 h6 13. Re1 Be6 14. Kg1 Nd5 15.
Bg3 Nd7 16. a4 O-O-O 17. Na3 a6 18. c4 Ne7 19. d5 cxd5 20. cxd5 Nc5 21. Bd1 Rxd5
22. Qc2 Kb8 23. Qc3 Nd3 24. Nd2 Bb6+ 25. Kh1 Qb4 26. Qxb4 Nxb4 27. Ndc4 Bd4 28.
Bf3 Rc5 29. Rad1 Nbc6 30. b4 Rxc4 31. Nxc4 Bxc4 32. Bxc6 Nxc6 33. e6+ Kc8 34.
exf7 Bxf7 35. b5 Bc3 36. Re3 Bh5 37. Rdd3 Rf8 38. h3 Rf1+ 39. Kh2 Bd4 40. bxc6
Bxe3 41. cxb7+ Kxb7 42. Rxe3 Kc6 43. Re6+ Kd7 44. Rxa6 Ra1 45. a5 Ra2 46. Ra7+
Ke6 47. Rxg7 Kf6 48. Rg8 Kf7 49. Rh8 Bf3 50. Kh1 Rxg2 51. Bc7 Rg8+ 52. Kh2 Rxh8
53. Kg3 Bb7 54. Kh4 Kg6 55. Kg4 Rc8 56. Bb6 h5+ 57. Kf4 Rc4+ 58. Ke5 Rh4 {White
resigns} 0-1